 Dungeon Crawl Stone Soup version 0.14-a0-2812-gec04de3 (webtiles) character file.

1239 SomethingShithole the Shield-Bearer (level 8, -1/68 HPs)
             Began as a Minotaur Fighter on Feb 25, 2014.
             Slain by an orc warrior
             ... wielding a +0,+0 hand axe
              (9 damage)
             ... on Level 4 of the Dungeon.
             The game lasted 00:23:29 (6115 turns).

SomethingShithole the Shield-Bearer (MiFi)          Turns: 6115, Time: 00:23:29

HP  -1/68        AC 15     Str 23      XL: 8   Next:  4%
MP   3/3         EV  5     Int  5      God:
Gold 196         SH 23     Dex 10      Spells:  0 memorised,  7 levels left

rFire  . . .     SeeInvis .     t - +1,+0 flail
rCold  . . .     Clarity  .     n - +2 orc plate armour
rNeg   . . .     Conserve .     j - +0 dwarf shield
rPois  .         rCorr    .     (helmet restricted)
rElec  .         rRot     .     (no cloak)
SustAb . .       Spirit   .     (no gloves)
rMut   .         Warding  .     (no boots)
Saprov . . .     Stasis   .     (no amulet)
MR     .....                    (no ring)
                                (no ring)

@: not resistant to hostile enchantments, extremely unstealthy
A: retaliatory headbutt, horns 2
a: no special abilities


You were on level 4 of the Dungeon.
You were not hungry.

You visited 1 branch of the dungeon, and saw 5 of its levels.

You collected 196 gold pieces.

Inventory:

Hand weapons
 t - a +1,+0 flail (weapon)
Missiles
 s - 3 tomahawks (quivered)
Armour
 j - a +0 dwarven shield (worn)
 n - a +2 orcish plate armour (worn)
Comestibles
 d - 8 bread rations
 f - a meat ration
 k - 3 rotting chunks of orc flesh
Scrolls
 b - 4 scrolls of identify
 g - a scroll of magic mapping
 x - 2 scrolls of remove curse {unknown}
Jewellery
 a - a +3 ring of dexterity {unknown}
 e - an uncursed ring of flight {unknown}
 h - an uncursed ring of see invisible {unknown}
 m - an uncursed ring of wizardry {unknown}
 r - an uncursed amulet of stasis {unknown}
 v - an uncursed ring of ice {unknown}
Potions
 c - a potion of confusion {unknown}
 l - a potion of curing
 q - a potion of brilliance


   Skills:
 + Level 5.0 Fighting
 + Level 4.6 Maces & Flails
 + Level 0.0 Throwing
 + Level 6.8 Armour
 + Level 4.3 Dodging
 - Level 0.8 Stealth
 + Level 6.9 Shields


You had 7 spell levels left.
You didn't know any spells.

Dungeon Overview and Level Annotations

Branches:
Dungeon (5/16)
 Temple: D:4-7

Altars:
Sif Muna
The Shining One

Annotations:
D:3 Prince Ribbit
D:5 Sigmund


Innate Abilities, Weirdness & Mutations

You reflexively headbutt those who attack you in melee.
You have a pair of horns on your head.


Message History

You hit the orc warrior. You headbutt the orc warrior.
The orc warrior is almost dead.
The orc warrior hits you with a hand axe!
* * * LOW HITPOINT WARNING * * *
You hit the orc warrior but do no damage.
The orc warrior is almost dead.
The orc warrior barely misses you.
Your plate armour prevents you from hitting the orc warrior.
Your headbutt misses the orc warrior.
The orc warrior is almost dead.
You block the orc warrior's attack.
You closely miss the orc warrior.
The orc warrior is almost dead.
The orc warrior hits you with a hand axe.
* * * LOW HITPOINT WARNING * * *
You completely miss the orc warrior.
You headbutt the orc warrior, but do no damage.
The orc warrior is almost dead.
The orc warrior hits you with a hand axe!
You die...

##.##...................##.......
...##...................####.....
##.##.........................###
#.#...#######...###########.## #
#......# #..<# #.# # #.#...##
#.[.# #.#### #.....# #...# #...[#
####.## #...# ####.# #.#
####)o@### #<# #.### #..>.[...#
#.# #####...###..#...#.# #.#
..)...(..........#.# #.#
#####...###......#.# #.. ##.##
#........# ### #.# #........# #.#
##.......######## ##.##
#......)({{...(####


You could see an orc warrior.

Vanquished Creatures
  Grinder (D:4)
  An orc warrior (D:4)
  A sky beast (D:4)
  A phantom (D:5)
  An ogre (D:3)
  A hound (D:3)
  An orc priest (D:3)
  3 orc wizards (D:3)
  A centaur skeleton (D:4)
  An iguana (D:5)
  A worker ant (D:4)
  Ijyb (D:2)
  7 adders
  A giant mite (D:1)
  5 worms
  5 giant geckos
  An ooze (D:3)
  16 orcs
  8 bats
  6 giant cockroaches
  7 hobgoblins
  4 quokkas
  4 ball pythons
  8 giant newts
  14 goblins
  7 kobolds
  10 rats
117 creatures vanquished.

Notes
Turn   | Place    | Note
--------------------------------------------------------------
     0 | D:1      | SomethingShithole, the Minotaur Fighter, began the quest for the Orb.
     0 | D:1      | Reached XP level 1. HP: 19/19 MP: 1/1
   333 | D:1      | Reached skill level 4 in Armour
   333 | D:1      | Reached XP level 2. HP: 25/27 MP: 1/1
   790 | D:1      | Reached XP level 3. HP: 31/33 MP: 2/2
  1301 | D:2      | Reached skill level 1 in Dodging
  1484 | D:2      | Reached XP level 4. HP: 40/40 MP: 2/2
  1585 | D:2      | Noticed Ijyb
  1619 | D:2      | Killed Ijyb
  2433 | D:3      | Reached XP level 5. HP: 21/46 MP: 2/2
  2544 | D:3      | Paralysed by a potion of paralysis for 7 turns
  2932 | D:3      | Found a glowing golden altar of the Shining One.
  3111 | D:3      | Reached skill level 5 in Shields
  3430 | D:3      | Reached XP level 6. HP: 44/52 MP: 3/3
  3564 | D:4      | Noticed Prince Ribbit
  3565 | D:4      | Noticed Grinder
  3652 | D:3      | Reached skill level 5 in Armour
  4045 | D:4      | Found a deep blue altar of Sif Muna.
  4335 | D:4      | Reached skill level 6 in Shields
  4602 | D:5      | Entered Level 5 of the Dungeon
  4626 | D:5      | Noticed Sigmund
  4629 | D:5      | Paralysed by a giant eyeball for 2 turns
  4632 | D:5      | Paralysed by a giant eyeball for 3 turns
  4639 | D:5      | Paralysed by a giant eyeball for 3 turns
  5039 | D:4      | Killed Grinder
  5039 | D:4      | Reached XP level 7. HP: 21/60 MP: 3/3
  5824 | D:5      | Reached skill level 5 in Fighting
  5951 | D:4      | Reached XP level 8. HP: 42/68 MP: 3/3
  6115 | D:4      | Slain by an orc warrior

Action                   |  1- 3 |  4- 6 |  7- 9 || total
-------------------------+-------+-------+-------++-------
Melee: Mace              |   102 |    79 |       ||   181
       Flail             |       |   172 |    74 ||   246
  Use: Potion            |     3 |     4 |       ||     7
       Scroll            |     7 |     7 |       ||    14
